 Dungeon Crawl Stone Soup version 0.18.1-1-g2f07953 (webtiles) character file.

60 Gorfmaster the Shooter (level 3, -1/29 HPs)
             Began as a Centaur Hunter on Oct 3, 2016.
             Slain by Sigmund
             ... wielding a +0 scythe
              (6 damage)
             ... on level 2 of the Dungeon.
             The game lasted 00:09:35 (1385 turns).

Gorfmaster the Shooter (Centaur Hunter)             Turns: 1385, Time: 00:09:35

Health: -1/29      AC: 11    Str: 14    XL:     3   Next: 82%
Magic:  3/3        EV:  1    Int: 10    God:
Gold:   87         SH:  0    Dex: 10    Spells: 0 memorised, 2 levels left

rFire  . . .     SeeInvis .     b - +0 short sword
rCold  . . .     Gourm    .     m - +0 plate armour
rNeg   . . .     Faith    .     (no shield)
rPois  .         Spirit   .     (no helmet)
rElec  .         Dismiss  .     (no cloak)
rCorr  .         Reflect  .     (no gloves)
SustAt .         Harm     .     (no barding)
MR     .....                    (no amulet)
Stlth  ..........               (no ring)
                                n - +3 ring of protection

@: very quick, not resistant to hostile enchantments, extremely unstealthy
A: hooves 3, deformed body, speed 2, tough skin 3
a: no special abilities


You were on level 2 of the Dungeon.
You were hungry.

You visited 1 branch of the dungeon, and saw 2 of its levels.

You collected 87 gold pieces.

Inventory:

Hand Weapons
 a - a +1 shortbow
 b - a +0 short sword (weapon)
Armour
 m - a +0 plate armour (worn)
Jewellery
 n - a +3 ring of protection (left hand)
Scrolls
 j - a scroll of enchant armour {unknown}
 k - a scroll of recharging {unknown}
 o - a scroll of enchant weapon {unknown}
Potions
 h - 2 potions of agility
 l - a potion of lignification
Comestibles
 c - a slice of pizza
 f - a bread ration
 g - a chunk of flesh


   Skills:
 - Level 2.0 Fighting
 * Level 6.8 Bows
 + Level 2.0 Dodging
 - Level 0.5 Stealth


You had 2 spell levels left.
You didn't know any spells.

Dungeon Overview and Level Annotations

Branches:
Dungeon (2/15)

Altars:

Annotations:
D:2 Sigmund


Innate Abilities, Weirdness & Mutations

You have hooves in place of feet.
Armour fits poorly on your strangely shaped body.
You cover ground very quickly.
You have extremely tough skin (AC +3).


Message History

Sigmund is moderately wounded.
Sigmund casts a spell.
Sigmund flickers and vanishes!
b - a +0 short sword (weapon)
You are feeling hungry.
You hear some strange, mumbled words.
Something tries to affect you, but you resist.
No target in view!
Something hits you!
* * * LOW HITPOINT WARNING * * *
Your plate armour prevents you from hitting something.
Your kick misses something. You closely miss something. You kick something.
Something hits you.
* * * LOW HITPOINT WARNING * * *
You hit something but do no damage. Your kick misses something.
Something hits you.
* * * LOW HITPOINT WARNING * * *
You closely miss something. You closely miss something. Something hits you.
You die...

#. #.#.#...g#....+
@##.#.'....'..#.#
.>...#.{g.#..# #
....#(((.#..#
.######.#.#....# .# ....#
......#.#.((...' .# #...#
........#(#....#. #
#...###########{#(#....#.
#...##........@.#.#.##.#
. #...##.##########.#.#
#...##.# #.........#
#...##.# #.#####.######
#...'..# #.#............
#...#######.#.#.#########
###.#...................
#.#.#####.#.#.<.#####
#.#.# #........##


There were no monsters in sight!

Vanquished Creatures
  A gnoll (D:1)
  An adder (D:2)
  5 dart slugs (D:1)
  2 giant geckos (D:1)
  5 giant cockroaches
  3 goblins (D:1)
  3 hobgoblins
  2 kobolds (D:1)
  2 bats (D:1)
  5 giant newts
  A rat (D:1)
30 creatures vanquished.

Vanquished Creatures (others)
  A kraken (D:1)
  A spriggan (D:1)
  2 humans (D:1)
  A kobold (D:1)
  6 tentacles (D:1)
  16 tentacle segments (D:1)
27 creatures vanquished.

Grand Total: 57 creatures vanquished

Notes
Turn   | Place    | Note
--------------------------------------------------------------
     0 | D:1      | Gorfmaster the Centaur Hunter began the quest for the Orb.
     0 | D:1      | Reached XP level 1. HP: 17/17 MP: 1/1
     0 | D:1      | Noticed a ghoul
     0 | D:1      | Noticed a human
     0 | D:1      | Noticed a human
     0 | D:1      | Noticed a minotaur
     0 | D:1      | Noticed a gargoyle
     0 | D:1      | Noticed an ogre
     0 | D:1      | Noticed a kraken
     0 | D:1      | Noticed a vine stalker
     0 | D:1      | Noticed a formicid
     0 | D:1      | Noticed a naga
     0 | D:1      | Noticed a spriggan
     3 | D:1      | Killed a human
     7 | D:1      | Killed a human
     7 | D:1      | Killed a spriggan
     9 | D:1      | Killed a kraken
   247 | D:1      | Reached XP level 2. HP: 24/24 MP: 2/2
   340 | D:1      | Reached skill level 6 in Bows
   554 | D:1      | Reached XP level 3. HP: 19/29 MP: 3/3
   797 | D:2      | Noticed Sigmund
   934 | D:2      | HP: 1/29 [Sigmund/scythe (1)]
  1385 | D:2      | Slain by Sigmund

Skill      XL: |  1  2  3 |
---------------+----------+-----
Bows           | 6 |  6.8
Dodging        | 2 |  2.0
Fighting       | |  2.0
Stealth        | |  0.5

Action                   || total
-------------------------++-------
Melee: Short sword       ||     8
       Kick              ||     2
 Fire: Shortbow          ||   120
  Use: Scroll            ||     3
Armor: Leather armour    ||     2
       Plate armour      ||    40
Dodge: Dodged            ||     8
